 Dungeon Crawl Stone Soup version 0.28-a0-1493-g08698888e4 (webtiles) character file.

Game seed: 17675697378323342999

122 wakim the Skirmisher (level 4, 0/39 HPs)
             Began as a Palentonga Fighter on Jan 12, 2022.
             Succumbed to an orc's poison
             ... on level 3 of the Dungeon.
             The game lasted 00:04:28 (2826 turns).

wakim the Skirmisher (Palentonga Fighter)           Turns: 2826, Time: 00:04:28

Health: 0/39       AC:  7    Str: 19    XL:     4   Next: 78%
Magic:  4/4        EV:  7    Int:  8    God:
Gold:   51         SH:  4    Dex: 12    Spells: 3/3 levels left

rFire   . . .      SeeInvis +   a - +0 flail
rCold   . . .      Faith    .   c - +0 buckler
rNeg    . . .      Spirit   .   b - +0 scale mail
rPois   .          Reflect  .   (no helmet)
rElec   .          Harm     .   (no cloak)
rCorr   .          Rampage  .   T - +0 pair of gloves
Will    .....                   (no barding)
Stlth   ..........              (no amulet)
HPRegen 0.13/turn               (no ring)
MPRegen 0.09/turn               (no ring)

@: lethally poisoned (0 -> -17)
A: large, rugged brown scales 3, see invisible, deformed body, roll 1, armoured
tail
a: Rolling Charge


You were on level 3 of the Dungeon.
You visited 1 branch of the dungeon, and saw 3 of its levels.

You collected 51 gold pieces.

Inventory:

Hand Weapons
 a - a +0 flail (weapon)
Armour
 b - a +0 scale mail (worn)
 c - a +0 buckler (worn)
 T - a +0 pair of gloves (worn)
Scrolls
 O - a scroll of fog {unknown}
 P - a scroll of blinking {unknown}
 R - a scroll of brand weapon {unknown}
 S - 2 scrolls of identify {unknown}
 V - 2 scrolls of magic mapping {unknown}
 X - a scroll of summoning {unknown}
 Y - a scroll of immolation {unknown}
Potions
 N - a potion of might
 Q - a potion of heal wounds {unknown}
 U - a potion of magic {unknown}
 W - a potion of curing {unknown}


   Skills:
 + Level 3.7 Fighting
 * Level 3.4 Maces & Flails
 + Level 3.0 Armour
 + Level 3.0 Shields


You had 3 spell levels left.
You didn't know any spells.
Your spell library contained the following spells:

 Spells                   Type           Power      Damage    Failure   Level
 Freeze                   Ice            0%         1d3       85%         1
 Frozen Ramparts          Ice            0%         1d2       99%         3
 Hailstorm                Conj/Ice       0%         3d3       100%        4


Dungeon Overview and Level Annotations

Branches:
Dungeon (3/15)

Altars:


Innate Abilities, Weirdness & Mutations

You are completely covered in rugged brown scales. (AC +3, +7% HP)
You have supernaturally acute eyesight. (SInv)
Armour fits poorly on your strangely shaped body.
You can roll at nearby foes to attack.
You have a long armoured tail.


Message History

You hit the orc.
Your tail-slap misses the orc.
The orc is lightly wounded.
The orc hits you with a +4 war axe!
You completely miss the orc. You tail-slap the orc.
The orc is almost dead.
The kobold shouts!
You hit the orc.
You kill the orc!
The orc closely misses you. The orc hits you but does no damage.
You are poisoned.
Your Shields skill increases to level 3!
You closely miss the orc.
You feel very sick.
The kobold throws a stone.
You block the stone. The orc barely misses you.
The orc hits you with a +1 dagger of venom.
You are more poisoned.
The kobold throws a stone.
The stone hits you but does no damage.
You hit the orc.
The orc is heavily wounded.
* * * LOW HITPOINT WARNING * * *
You feel very sick. The orc closely misses you. The orc barely misses you.
The orc hits you with a +4 war axe.
* * * LOW HITPOINT WARNING * * *
* * * LOW HITPOINT WARNING * * *
You feel very sick.
The kobold throws a stone.
You block the stone.
* * * LOW HITPOINT WARNING * * *
You feel very sick.
There is a stone staircase leading up here.
You sock the orc!
You kill the orc!
* * * LOW HITPOINT WARNING * * *
You feel sick.
The orc hits you with a +1 dagger of venom.
* * * LOW HITPOINT WARNING * * *
You are more poisoned.
The kobold throws a stone.
The stone closely misses you.
Your Armour skill increases to level 3!
You die...

##
####รท#.#....#.#.#
#..o.#.#+#..#w# oo
#..........##.#
.o. #..........+
.+ .. #..........#
.# . #..........+
.# ###........##
#### #........'.
.....##..@.K...#
........o).....#
..........######
.......)..#
####......#
#......# #......#
#<.....# #...[..#


You could see 2 orcs and a kobold.

Vanquished Creatures
  A hound skeleton (D:2)
  4 adders
  A worm (D:2)
  4 dart slugs
  3 orcs
  2 endoplasms (D:1)
  2 giant cockroaches
  5 goblins
  4 hobgoblins
  5 jackals (D:1)
  2 kobolds
  4 quokkas
  5 ball pythons
  8 bats
  2 frilled lizards
  6 rats (D:1)
58 creatures vanquished.

Notes
Turn   | Place    | Note
-------+----------+-------------------------------------------
     0 | D:1      | wakim the Palentonga Fighter began the quest for the Orb.
     0 | D:1      | Reached XP level 1. HP: 19/19 MP: 1/1
   112 | D:1      | Reached XP level 2. HP: 18/25 MP: 2/2
   666 | D:1      | Found a faded altar of an unknown god.
   745 | D:1      | Reached XP level 3. HP: 26/31 MP: 3/3
   873 | D:1      | !bestwep
  2094 | D:2      | Reached XP level 4. HP: 31/37 MP: 4/4
  2826 | D:3      | Succumbed to an orc's poison

Illustrated notes

.......<# ##.###### ######
#.# ## #....## #.# #. ......
#.# #. #.#.## #.# #. #.#.##
#.# ### ###.## #...## ### ##
#.#########.#..# #.....
#.###..P.#@P..###.####.#.##
#P.....P#...P.P.#.....#.##
###....PP.#....P..##.#....##
#.P.......#.PP..P...#.......
#P.P..P..._P.P..P..P########
##.PP.P..PP#P........##
##+#.##P.P.P..#.......##.#
##....##P.P.PPP#.P...P.##.#
#.....#.###.PPP#..P.###.#.###


Turn 873 on D:1: !bestwep

Levels and vault maps discovered:
D:1:      lemuel_arrival_cross, layout_loops_corners,
          shapermc_ecumenical_altar_gd
D:2:      wander_river, layout_rooms, minivault_5
D:3:      layout_basic

Skill      XL: |  1  2  3  4 |
---------------+-------------+-----
Maces & Flails | 3 |  3.4
Shields        | 3 |  3.0
Armour         | 3 |  3.0
Fighting       | |  3.7

Action                   |  1- 3 |  4- 6 || total
-------------------------+-------+-------++-------
Melee: Flail             |   118 |    37 ||   155
       Tailslap          |    14 |     6 ||    20
 Abil: Rolling Charge    |     1 |       ||     1
Armor: Scale mail        |    79 |    22 ||   101
Dodge: Dodged            |    58 |    13 ||    71
Block: Buckler           |    34 |    12 ||    46

Table legend: (Time is in decaauts)
 A = Elapsed time spent in this place.
 B = Non-inter-level travel time spent in this place.
 C = Inter-level travel time spent in this place.
 D = Time resting spent in this place.
 E = Time spent auto-exploring this place.
 F = Levels seen in this place.
 G = Mean time per level.
                   A        B        C        D        E       F      G
               +--------+--------+--------+--------+--------+-----+--------+
         Total |   2894 |   2771 |    123 |    128 |   2217 |   3 |  964.7 |
       Dungeon |   2894 |   2771 |    123 |    128 |   2217 |   3 |  964.7 |
               +--------+--------+--------+--------+--------+-----+--------+

Top non-repeatable levels by time:
     D:1: 1743 daAuts
     D:2: 894 daAuts
     D:3: 256 daAuts
